[Event "Charlotte Fall GM-B 2023"]
[Site "Charlotte"]
[Date "2023.11.20"]
[Round "6.5"]
[White "Cordova, Emilio"]
[Black "Wang, Tianqi"]
[Result "1/2-1/2"]
[ECO "D02"]
[WhiteElo "2568"]
[BlackElo "2350"]
[Annotator "RC"]
[PlyCount "122"]
[EventDate "2023.11.17"]
[EventType "tourn"]
[EventCountry "USA"]
[SourceTitle "playchess.com"]
[Source "ChessBase"]
[SourceQuality "1"]
[TimeControl "5400+30"]

1. Nf3 d5 2. g3 Nd7 3. d4 Nb6 4. Bg2 Bf5 5. Nbd2 e6 6. O-O Nf6 7. c4 dxc4 8. Nh4 c6 9. Nxf5 exf5 10. e3 Bd6 11. Qc2 g6 12. Nxc4 Nxc4 13. Qxc4 a5 14. b3 O-O 15. Bb2 Qe7 16. Rad1 Rfe8 17. d5 c5 18. Rfe1 b6 19. f4 Ne4 20. Bxe4 fxe4 21. Qc3 f6 22. Qxf6 Qxf6 23. Bxf6 Kf7 24. Bb2 b5 25. Rf1 a4 26. g4 axb3 27. axb3 Ra2 28. Rf2 Rc8 29. Be5 Rxf2 30. Kxf2 Bxe5 31. fxe5 c4 32. bxc4 bxc4 33. g5 c3 34. Kg3 c2 35. Rc1 Rc4 36. Kf4 Ke7 37. e6 Kd6 38. h4 Rc5 39. Kxe4 Rxd5 40. Rxc2 Re5+ 41. Kf4 Rf5+ 42. Kg4 Re5 43. Kf3 Rf5+ 44. Ke2 h6 45. gxh6 Rh5 46. Rc4 Kxe6 47. Kf3 Rxh6 48. Kg4 Rh5 49. e4 Ra5 50. Rd4 Ra1 51. Rd3 Ke5 52. Rg3 Kxe4 53. Kg5 Rh1 54. Rg2 Kf3 55. Rg4 Rh2 56. Rf4+ Ke3 57. Ra4 Rg2+ 58. Rg4 Rxg4+ 59. Kxg4 Kf2 60. Kg5 Kg3 61. Kxg6 Kxh4 1/2-1/2

[Event "Charlotte Fall GM-B 2023"]
[Site "Charlotte"]
[Date "2023.11.20"]
[Round "7.1"]
[White "Wang, Tianqi"]
[Black "Gedajlovic, Max"]
[Result "1/2-1/2"]
[ECO "A14"]
[WhiteElo "2350"]
[BlackElo "2407"]
[Annotator "RC"]
[PlyCount "149"]
[EventDate "2023.11.17"]
[EventType "tourn"]
[EventCountry "USA"]
[SourceTitle "playchess.com"]
[Source "ChessBase"]
[SourceQuality "1"]
[TimeControl "5400+30"]

1. c4 e6 2. g3 d5 3. Bg2 Nf6 4. Nf3 Be7 5. O-O O-O 6. b3 d4 7. e3 c5 8. Ne5 Nfd7 9. exd4 cxd4 10. Nxd7 Qxd7 11. d3 Nc6 12. f4 b6 13. Nd2 Bb7 14. a3 a5 15. Nf3 f5 16. Re1 Bf6 17. Bd2 Rfe8 18. b4 Ne7 19. Qb3 Rab8 20. b5 Ng6 21. Re2 Kh8 22. Rae1 Re7 23. a4 Rbe8 24. Qa3 h6 25. c5 bxc5 26. Qxc5 Qd8 27. b6 Qd7 28. Qxa5 Ra8 29. Qb5 Rxa4 30. Qxd7 Rxd7 31. Rxe6 Ra2 32. R1e2 Rb2 33. Be1 Rb3 34. Nd2 Rxd3 35. Bxb7 Rxb7 36. Nc4 Rb3 37. Na5 R7xb6 38. Nxb3 Rxb3 39. Bf2 h5 40. h4 Kh7 41. Rd2 Nh8 42. Kg2 Rb4 43. Rc2 Nf7 44. Rc7 Kg6 45. Rd7 Rb2 46. Kf1 Rb1+ 47. Re1 Rb3 48. Re6 Rb1+ 49. Be1 Nh6 50. Rxd4 Kf7 51. Rdd6 Ng4 52. Re2 Bc3 53. Rde6 Nf6 54. Re7+ Kg6 55. Kg2 Bxe1 56. Rxe1 Rb3 57. R1e6 Rb2+ 58. Kh3 Ra2 59. Rb7 Rc2 60. Reb6 Ra2 61. Rb2 Ra3 62. Kg2 Rc3 63. R7b3 Rc1 64. Ra2 Rc7 65. Rb5 Rc3 66. Raa5 Rc2+ 67. Kf3 Rc3+ 68. Ke2 Ne4 69. Rxf5 Nxg3+ 70. Kd2 Nxf5 71. Kxc3 Nxh4 72. Rg5+ Kf6 73. Rxh5 Ng6 74. Rg5 Nxf4 75. Rxg7 1/2-1/2

[Event "Charlotte Fall GM-B 2023"]
[Site "Charlotte"]
[Date "2023.11.20"]
[Round "7.2"]
[White "Hilby, Craig"]
[Black "Cordova, Emilio"]
[Result "1/2-1/2"]
[ECO "B61"]
[WhiteElo "2402"]
[BlackElo "2568"]
[Annotator "RC"]
[PlyCount "73"]
[EventDate "2023.11.17"]
[EventType "tourn"]
[EventCountry "USA"]
[SourceTitle "playchess.com"]
[Source "ChessBase"]
[SourceQuality "1"]
[TimeControl "5400+30"]

1. e4 c5 2. Nf3 Nc6 3. d4 cxd4 4. Nxd4 Nf6 5. Nc3 d6 6. Bg5 Bd7 7. Qd2 Rc8 8. f4 h6 9. Bxf6 gxf6 10. O-O-O Nxd4 11. Qxd4 Qa5 12. Kb1 Qc5 13. Qd3 h5 14. Nd5 a5 15. Be2 b5 16. c3 Bg7 17. f5 h4 18. Qh3 Kf8 19. Rhf1 b4 20. Rc1 Bh6 21. Qxh4 bxc3 22. Rxc3 Qd4 23. Rxc8+ Bxc8 24. Rd1 Qe5 25. Bf3 Ba6 26. Qf2 Kg7 27. Qg3+ Bg5 28. Qxe5 fxe5 29. h3 Rc8 30. a3 Bb5 31. Nc3 Bc6 32. g3 Be3 33. Nd5 Bxd5 34. Rxd5 Rc1+ 35. Ka2 Rf1 36. Bg4 Bc5 37. Rd2 1/2-1/2

[Event "Charlotte Fall GM-B 2023"]
[Site "Charlotte"]
[Date "2023.11.20"]
[Round "7.3"]
[White "Ringoir, Tanguy"]
[Black "Griffith, Kyron"]
[Result "1/2-1/2"]
[ECO "E08"]
[WhiteElo "2507"]
[BlackElo "2358"]
[Annotator "RC"]
[PlyCount "63"]
[EventDate "2023.11.17"]
[EventType "tourn"]
[EventCountry "USA"]
[SourceTitle "playchess.com"]
[Source "ChessBase"]
[SourceQuality "1"]
[TimeControl "5400+30"]

1. d4 Nf6 2. c4 e6 3. Nf3 d5 4. g3 Bb4+ 5. Bd2 Be7 6. Bg2 O-O 7. O-O Nbd7 8. Qc2 c6 9. Bf4 a5 10. Rd1 a4 11. a3 Ne4 12. Nfd2 Nxd2 13. Nxd2 g5 14. Be3 f5 15. f3 f4 16. Bf2 Rf7 17. e4 fxe3 18. Bxe3 Nf8 19. Re1 Bd7 20. Bf2 b5 21. cxb5 cxb5 22. Nf1 b4 23. Ne3 h5 24. Qe2 bxa3 25. bxa3 Bd6 26. Nc2 Rb8 27. Qd2 Rb3 28. Rab1 Rg7 29. Ra1 Qb8 30. Re3 Rb2 31. Rc3 h4 32. Qe1 1/2-1/2

[Event "Charlotte Fall GM-B 2023"]
[Site "Charlotte"]
[Date "2023.11.20"]
[Round "7.5"]
[White "Stremavicius, Titas"]
[Black "Ippolito, Dean"]
[Result "1-0"]
[ECO "E05"]
[WhiteElo "2563"]
[BlackElo "2356"]
[Annotator "RC"]
[PlyCount "77"]
[EventDate "2023.11.17"]
[EventType "tourn"]
[EventCountry "USA"]
[SourceTitle "playchess.com"]
[Source "ChessBase"]
[SourceQuality "1"]
[TimeControl "5400+30"]

1. d4 d5 2. Nf3 Nf6 3. g3 e6 4. Bg2 Be7 5. O-O O-O 6. c4 dxc4 7. Qc2 a6 8. a4 Bd7 9. Qxc4 Bc6 10. Bf4 Bd6 11. Qc1 a5 12. Nc3 Na6 13. Rd1 Nb4 14. Bg5 Be7 15. Qb1 h6 16. Bf4 Nbd5 17. Bd2 Nxc3 18. bxc3 Be4 19. Qb2 c5 20. Ne5 Bxg2 21. Kxg2 Qd5+ 22. f3 cxd4 23. cxd4 Rfd8 24. Be1 Rac8 25. Qb1 Bb4 26. Bxb4 axb4 27. Qxb4 Rc2 28. Kf2 Ne4+ 29. fxe4 Qxe4 30. Qe1 Rxd4 31. Nf3 Rxa4 32. Rxa4 Qxa4 33. Rd8+ Kh7 34. Qd1 Qe4 35. Rd7 f5 36. Qd3 b5 37. Qxe4 fxe4 38. Nd4 Rd2 39. Ke3 1-0

[Event "Charlotte Fall GM-B 2023"]
[Site "Charlotte"]
[Date "2023.11.21"]
[Round "8.1"]
[White "Gedajlovic, Max"]
[Black "Ippolito, Dean"]
[Result "1-0"]
[ECO "D31"]
[WhiteElo "2407"]
[BlackElo "2356"]
[Annotator "RC"]
[PlyCount "49"]
[EventDate "2023.11.17"]
[EventType "tourn"]
[EventCountry "USA"]
[SourceTitle "playchess.com"]
[Source "ChessBase"]
[SourceQuality "1"]
[TimeControl "5400+30"]

1. d4 d5 2. c4 e6 3. Nc3 Be7 4. cxd5 exd5 5. Bf4 c6 6. Qc2 Nf6 7. h3 g6 8. e3 Bf5 9. Qd2 h5 10. Nf3 Bd6 11. Bd3 Ne4 12. Bxe4 dxe4 13. Ng5 Bb4 14. f3 exf3 15. e4 fxg2 16. Rg1 f6 17. exf5 fxg5 18. Bxg5 Be7 19. Qe3 gxf5 20. O-O-O Kd7 21. Rxg2 Bxg5 22. Rxg5 Re8 23. Rg7+ Re7 24. Rdg1 Qe8 25. Qe5 1-0

[Event "Charlotte Fall GM-B 2023"]
[Site "Charlotte"]
[Date "2023.11.21"]
[Round "8.2"]
[White "Shmeliov, Denis"]
[Black "Stremavicius, Titas"]
[Result "1/2-1/2"]
[ECO "B67"]
[WhiteElo "2397"]
[BlackElo "2563"]
[Annotator "RC"]
[PlyCount "26"]
[EventDate "2023.11.17"]
[EventType "tourn"]
[EventCountry "USA"]
[SourceTitle "playchess.com"]
[Source "ChessBase"]
[SourceQuality "1"]
[TimeControl "5400+30"]

1. e4 c5 2. Nf3 Nc6 3. d4 cxd4 4. Nxd4 Nf6 5. Nc3 d6 6. Bg5 Bd7 7. Qd2 a6 8. O-O-O e6 9. Kb1 Be7 10. f3 Nxd4 11. Qxd4 Qc7 12. Qd2 b5 13. g4 h5 1/2-1/2

[Event "Charlotte Fall GM-B 2023"]
[Site "Charlotte"]
[Date "2023.11.21"]
[Round "8.3"]
[White "Griffith, Kyron"]
[Black "Korley, Kassa"]
[Result "1/2-1/2"]
[ECO "B11"]
[WhiteElo "2358"]
[BlackElo "2457"]
[Annotator "RC"]
[PlyCount "106"]
[EventDate "2023.11.17"]
[EventType "tourn"]
[EventCountry "USA"]
[SourceTitle "playchess.com"]
[Source "ChessBase"]
[SourceQuality "1"]
[TimeControl "5400+30"]

1. e4 c6 2. Nc3 d5 3. Nf3 Bg4 4. h3 Bh5 5. exd5 cxd5 6. g4 Bg6 7. Ne5 Nc6 8. d4 e6 9. h4 f6 10. Nxg6 hxg6 11. Be3 Bd6 12. Qd2 Qd7 13. O-O-O O-O-O 14. Be2 Nge7 15. Kb1 a6 16. a3 Kb8 17. Rh3 g5 18. Rdh1 Rxh4 19. Rxh4 gxh4 20. Rxh4 e5 21. dxe5 Bxe5 22. Bb6 Bc7 23. Bxc7+ Qxc7 24. Rh7 g5 25. Na4 Qd6 26. Qc3 Rc8 27. Qc5 Qd8 28. Qb6 Qxb6 29. Nxb6 Rd8 30. Na4 f5 31. gxf5 Nxf5 32. Nc5 Nfe7 33. Rg7 Rh8 34. Rxg5 Rh1+ 35. Ka2 Rh2 36. Nd3 Nd4 37. Rh5 Rxh5 38. Bxh5 Nxc2 39. Kb3 Nd4+ 40. Kc3 Ndc6 41. b4 b6 42. a4 Kc7 43. Be8 Nd8 44. Bh5 Kd6 45. Bg4 a5 46. bxa5 bxa5 47. Nc1 Nb7 48. Nb3 Ke5 49. Be2 Kd6 50. Bb5 Ng6 51. Kd4 Nf4 52. Ke3 Ne6 53. f4 Nec5 1/2-1/2

[Event "Charlotte Fall GM-B 2023"]
[Site "Charlotte"]
[Date "2023.11.21"]
[Round "8.5"]
[White "Wang, Tianqi"]
[Black "Hilby, Craig"]
[Result "1-0"]
[ECO "A29"]
[WhiteElo "2350"]
[BlackElo "2402"]
[Annotator "RC"]
[PlyCount "85"]
[EventDate "2023.11.17"]
[EventType "tourn"]
[EventCountry "USA"]
[SourceTitle "playchess.com"]
[Source "ChessBase"]
[SourceQuality "1"]
[TimeControl "5400+30"]

1. c4 Nf6 2. g3 e5 3. Bg2 d5 4. cxd5 Nxd5 5. Nf3 Nc6 6. O-O Nb6 7. Nc3 Be7 8. b3 O-O 9. Bb2 Re8 10. Rc1 Bf8 11. d3 Nd4 12. Ne4 a5 13. a3 c6 14. Re1 Bg4 15. Ned2 Qd7 16. e3 Nxf3+ 17. Bxf3 h5 18. Be2 Rad8 19. f3 Bf5 20. Ne4 Nd5 21. Bf1 b6 22. Qc2 c5 23. Nf2 Bg6 24. Rcd1 b5 25. Bh3 Qa7 26. e4 Nc7 27. f4 f6 28. Kh1 Bf7 29. f5 a4 30. bxa4 bxa4 31. Qe2 Nb5 32. g4 h4 33. Rg1 c4 34. g5 fxg5 35. Rxg5 cxd3 36. Nxd3 Qe7 37. Rgg1 Bc4 38. Qf3 Nd4 39. Qg4 Nxf5 40. exf5 Bxd3 41. Rxd3 Qb7+ 42. Bg2 Qxb2 43. Rxd8 1-0

[Event "Charlotte Fall GM-B 2023"]
[Site "Charlotte"]
[Date "2023.11.21"]
[Round "9.1"]
[White "Hilby, Craig"]
[Black "Gedajlovic, Max"]
[Result "1/2-1/2"]
[ECO "E05"]
[WhiteElo "2402"]
[BlackElo "2407"]
[Annotator "RC"]
[PlyCount "49"]
[EventDate "2023.11.17"]
[EventType "tourn"]
[EventCountry "USA"]
[SourceTitle "playchess.com"]
[Source "ChessBase"]
[SourceQuality "1"]
[TimeControl "5400+30"]

1. Nf3 d5 2. d4 Nf6 3. c4 e6 4. g3 Be7 5. Bg2 O-O 6. O-O dxc4 7. Ne5 Nd5 8. Nxc4 b5 9. Ne3 c6 10. Nc3 Ba6 11. a3 Qb6 12. Ne4 f5 13. Ng5 Bxg5 14. Nxd5 cxd5 15. Bxg5 Nc6 16. Rc1 Rac8 17. b4 Qxd4 18. Qb3 Qg4 19. Rxc6 Rxc6 20. Bxd5 Rb6 21. Bxe6+ Kh8 22. Be3 Rb7 23. Qd5 Rbb8 24. Bxa7 Bb7 25. Qe5 1/2-1/2

[Event "Charlotte Fall GM-B 2023"]
[Site "Charlotte"]
[Date "2023.11.21"]
[Round "9.2"]
[White "Ringoir, Tanguy"]
[Black "Wang, Tianqi"]
[Result "1/2-1/2"]
[ECO "D70"]
[WhiteElo "2507"]
[BlackElo "2350"]
[Annotator "RC"]
[PlyCount "67"]
[EventDate "2023.11.17"]
[EventType "tourn"]
[EventCountry "USA"]
[SourceTitle "playchess.com"]
[Source "ChessBase"]
[SourceQuality "1"]
[TimeControl "5400+30"]

1. d4 Nf6 2. c4 g6 3. f3 d5 4. cxd5 Nxd5 5. e4 Nb6 6. Nc3 Bg7 7. Be3 O-O 8. Qd2 e5 9. d5 c6 10. h4 cxd5 11. exd5 N8d7 12. h5 Nf6 13. hxg6 fxg6 14. O-O-O Bd7 15. Kb1 Rc8 16. d6 e4 17. fxe4 Ng4 18. Bg5 Qe8 19. Nf3 Rf7 20. Qe1 Rc5 21. Bd2 Be6 22. e5 Na4 23. Ne4 Bf5 24. Bc1 Rc8 25. Ka1 Bxe5 26. Nxe5 Qxe5 27. Nc3 Nxc3 28. Qxe5 Nxe5 29. bxc3 h5 30. Rd5 Nc4 31. Be2 Rd7 32. Bf4 Nb6 33. Ra5 Nc4 34. Rd5 1/2-1/2

[Event "Charlotte Fall GM-B 2023"]
[Site "Charlotte"]
[Date "2023.11.21"]
[Round "9.3"]
[White "Korley, Kassa"]
[Black "Cordova, Emilio"]
[Result "0-1"]
[ECO "A17"]
[WhiteElo "2457"]
[BlackElo "2568"]
[Annotator "RC"]
[PlyCount "56"]
[EventDate "2023.11.17"]
[EventType "tourn"]
[EventCountry "USA"]
[SourceTitle "playchess.com"]
[Source "ChessBase"]
[SourceQuality "1"]
[TimeControl "5400+30"]

1. Nf3 b6 2. g3 Bb7 3. Bg2 e6 4. O-O c5 5. c4 Nf6 6. Nc3 Be7 7. d3 O-O 8. e4 d6 9. Re1 a6 10. h3 Nbd7 11. Be3 Rc8 12. Qe2 Re8 13. g4 Nf8 14. Nh2 e5 15. f4 exf4 16. Bxf4 N6d7 17. Nf3 Ng6 18. Bg3 Nde5 19. Rf1 Bf6 20. Nd2 Nc6 21. Nf3 Nd4 22. Qd2 b5 23. cxb5 axb5 24. Nxd4 Bxd4+ 25. Kh1 b4 26. Ne2 Be5 27. d4 cxd4 28. Qxb4 Ba6 0-1

[Event "Charlotte Fall GM-B 2023"]
[Site "Charlotte"]
[Date "2023.11.21"]
[Round "9.4"]
[White "Stremavicius, Titas"]
[Black "Griffith, Kyron"]
[Result "1-0"]
[ECO "A13"]
[WhiteElo "2563"]
[BlackElo "2358"]
[Annotator "RC"]
[PlyCount "83"]
[EventDate "2023.11.17"]
[EventType "tourn"]
[EventCountry "USA"]
[SourceTitle "playchess.com"]
[Source "ChessBase"]
[SourceQuality "1"]
[TimeControl "5400+30"]

1. c4 Nf6 2. Nc3 c5 3. Nf3 e6 4. e3 d5 5. cxd5 Nxd5 6. Nxd5 Qxd5 7. b3 Be7 8. Bb2 O-O 9. Qb1 Rd8 10. Bc4 Qd6 11. O-O Nc6 12. Rd1 b6 13. Qe4 Bb7 14. Qg4 e5 15. h4 Bf6 16. Ng5 Bxg5 17. Qxg5 Qg6 18. Bc3 Rd6 19. Rf1 h6 20. Qxg6 Rxg6 21. f3 Re8 22. Kh2 h5 23. g4 Bc8 24. gxh5 Rh6 25. f4 Rxh5 26. Kg3 exf4+ 27. Rxf4 Be6 28. Bb5 Bd7 29. Rg1 Ne5 30. Be2 Rh6 31. h5 Re7 32. Kf2 f5 33. Rg5 Ng4+ 34. Bxg4 fxg4 35. b4 Rc6 36. Kg3 Bc8 37. Rd5 Re8 38. bxc5 bxc5 39. Rc4 Rf8 40. Rdxc5 Rf3+ 41. Kh4 g3 42. Rxc6 1-0